 Dungeon Crawl Stone Soup version 0.20.0-15-g7f486f2 (webtiles) character file.

149 renl the Charmwright (level 5, -2/42 HPs)
             Began as a Draconian Skald on June 22, 2017.
             Killed by nerve-wracking pain
             ... invoked by an orc priest
              (4 damage)
             ... on level 3 of the Dungeon.
             The game lasted 00:11:39 (1804 turns).

renl the Charmwright (Draconian Skald)              Turns: 1804, Time: 00:11:40

Health: -2/42      AC:  5    Str: 14    XL:     5   Next: 9%
Magic:  2/9        EV: 12    Int: 14    God:
Gold:   88         SH:  0    Dex: 10    Spells: 3/9 levels left

rFire    . . .     SeeInvis .   a - +0 mace
rCold    . . .     Gourm    .   (no shield)
rNeg     . . .     Faith    .   (armour unavailable)
rPois    .         Spirit   .   (helmet restricted)
rElec    .         Reflect  .   (no cloak)
rCorr    .         Harm     .   (no gloves)
MR       .....                  (no boots)
Stlth    +.........             (no amulet)
Regen    0.2/turn               (no ring)
MPRegen  0.2/turn               (no ring)

@: infused
A: unfitting armour, cold-blooded, AC +5
a: no special abilities


You were on level 3 of the Dungeon.
You were not hungry.

You visited 1 branch of the dungeon, and saw 3 of its levels.

You collected 88 gold pieces.

Inventory:

Hand Weapons
 a - a +0 mace (weapon)
Scrolls
 e - 5 scrolls of identify {unknown}
 f - a scroll of remove curse {unknown}
 h - 2 scrolls of recharging {unknown}
 i - a scroll of random uselessness {unknown}
 l - a scroll of teleportation {unknown}
 m - a scroll of enchant armour {unknown}
 n - a scroll of amnesia {unknown}
Potions
 g - a potion of ambrosia
 j - a potion of flight {unknown}
 o - a potion of resistance {unknown}
 p - a potion of degeneration {unknown}
 q - a potion of lignification {unknown}
Books
 b - a book of Battle

   Spells                             Type                      Level
   a - Infusion                       Charms                       1
   b - Shroud of Golubria             Charms/Translocation         2
   c - Song of Slaying                Charms                       2
   d - Spectral Weapon                Hexes/Charms                 3
   e - Regeneration                   Charms/Necromancy            3
Comestibles
 c - 3 bread rations
 d - 2 fruits
 k - a royal jelly


   Skills:
 * Level 2.7 Fighting
 * Level 3.4 Maces & Flails
 + Level 2.5 Dodging
 + Level 0.2 Stealth
 + Level 2.6 Spellcasting
 * Level 3.6 Charms


You had 3 spell levels left.
You knew the following spells:

 Your Spells              Type           Power        Failure   Level  Hunger
a - Infusion              Chrm           ##..         4%          1    #......
b - Shroud of Golubria    Chrm/Tloc      #.........   16%         2    ###....
c - Regeneration          Chrm/Necr      #.........   32%         3    ###....


Dungeon Overview and Level Annotations

Branches:
Dungeon (3/15)

Altars:
Cheibriados


Innate Abilities, Weirdness & Mutations

Your plain brown scales are hard. (AC +5)
You cannot fit into any form of body armour.
You are cold-blooded and may be slowed by cold attacks.


Message History

You hit the orc.
You kill the orc!
You hit the orc priest.
The orc priest is moderately wounded.
The orc priest calls down the wrath of Beogh upon you.
Beogh smites you!
* * * LOW HITPOINT WARNING * * *
All of the chunks of flesh in your inventory have rotted away.
You hit the orc priest.
The orc priest is heavily wounded.
The orc priest looks satisfied for a moment.
You completely miss the orc priest.
The orc priest is heavily wounded.
The orc priest invokes the aid of Beogh against you.
You barely resist. The orc priest barely misses you.
You hit the orc priest. You tail-slap the orc priest.
The orc priest is severely wounded.
The orc priest mumbles some strange prayers to Beogh against you.
Pain shoots through your body!
You die...

## #.. ####..
########..?..#
#.<.........#
#.######.... #)#
##.##
#.######...##[##
#..)..@o........
########....#.##
##......#
.#.#..# .#.# .#
.. # # #% ..


You could see an orc priest.

Vanquished Creatures
  An orc wizard (D:3)
  An orc priest (D:3)
  3 adders (D:2)
  An orc (D:3)
  4 giant cockroaches
  9 goblins
  4 hobgoblins
  12 jackals
  A kobold (D:1)
  2 ball pythons (D:1)
  7 bats
  6 frilled lizards
  9 rats
60 creatures vanquished.

Notes
Turn   | Place    | Note
-------+----------+-------------------------------------------
     0 | D:1      | renl the Draconian Skald began the quest for the Orb.
     0 | D:1      | Reached XP level 1. HP: 17/17 MP: 3/3
   103 | D:1      | Reached XP level 2. HP: 12/24 MP: 5/5
   107 | D:1      | Learned a level 2 spell: Shroud of Golubria
   442 | D:1      | Reached XP level 3. HP: 29/30 MP: 3/6
   451 | D:1      | Learned a level 3 spell: Regeneration
  1100 | D:2      | Reached XP level 4. HP: 28/37 MP: 1/7
  1265 | D:2      | Found a snail-covered altar of Cheibriados.
  1754 | D:3      | Reached XP level 5. HP: 21/42 MP: 0/9
  1801 | D:3      | HP: 1/42 [orc priest/divine providence (10)]
  1804 | D:3      | Killed from afar by an orc priest

Skill      XL: |  1  2  3 |
---------------+----------+-----
Charms         | 3 |  3.6
Maces & Flails | 3 |  3.4
Fighting       | |  2.7
Dodging        | |  2.5
Stealth        | |  0.2
Spellcasting   | |  2.6

Action                   |  1- 3 |  4- 6 || total
-------------------------+-------+-------++-------
Melee: Mace              |   149 |    58 ||   207
       Tailslap          |    13 |     5 ||    18
 Cast: Infusion          |    10 |     3 ||    13
       Shroud of Golubri |     3 |     6 ||     9
       Regeneration      |     1 |     3 ||     4
  Use: Potion            |       |     1 ||     1
  Eat: Chunk             |     2 |     3 ||     5
Armor: Skin              |    65 |    19 ||    84
Dodge: Dodged            |   107 |    33 ||   140
